 Dungeon Crawl Stone Soup version 0.27-a0-899-ge2d0b17c59 (webtiles) character file.

Game seed: 8445307597450248225

8766 Sobieck the Destroyer (level 11, -6/54 HPs)
             Began as a Deep Elf Conjurer on Apr 5, 2021.
             Was a Priest of Vehumet.
             Mangled by a boulder beetle (15 damage)
             ... on level 1 of the Lair of Beasts.
             The game lasted 00:43:32 (11283 turns).

Sobieck the Destroyer (Deep Elf Conjurer)          Turns: 11283, Time: 00:43:33

Health: -6/54      AC: 10    Str: 10    XL:     11   Next: 14%
Magic:  2/28       EV: 13    Int: 27    God:    Vehumet [***...]
Gold:   1206       SH: 10    Dex: 13    Spells: 16/32 levels left

rFire    + . .     SeeInvis .   w - +7 dagger of Execution {vorpal, rElec rF+ Str+6, short}
rCold    . . .     Faith    .   H - +0 buckler
rNeg     . . .     Spirit   .   a - +0 robe
rPois    .         Reflect  +   P - +1 helmet
rElec    +         Harm     .   R - +0 cloak
rCorr    .         Rampage  .   (no gloves)
Will     +....                  s - +0 pair of boots
Stlth    ++........             G - amulet of reflection
HPRegen  0.18/turn              v - +4 ring of protection
MPRegen  0.21/turn              (no ring)

@: no status effects
A: no striking features
a: Renounce Religion


You were on level 1 of the Lair of Beasts.
You worshipped Vehumet.
Vehumet was most pleased with you.
You visited 3 branches of the dungeon, and saw 12 of its levels.

You collected 1206 gold pieces.


   Skills:
 + Level 3.9 Dodging
 - Level 2.4 Stealth
 - Level 4.0 Shields
 - Level 11.0 Spellcasting
 - Level 11.4 Conjurations
 - Level 5.0 Hexes
 - Level 3.0 Translocations
 - Level 10.0 Fire Magic


You had 16 spell levels left.
You knew the following spells:

 Your Spells              Type           Power      Damage    Failure   Level
a - Magic Dart            Conj           100%       1d8       1%          1
b - Searing Ray           Conj           100%       3d7       1%          2
c - Fulminant Prism       Conj/Hex       28%        3d14      1%          4
d - Iskenderun's Mystic   Conj/Tloc      52%        2d11      1%          4
e - Fireball              Conj/Fire      32%        3d14      1%          5

Your spell library contained the following spells:

 Spells                   Type           Power      Damage    Failure   Level
 Airstrike                Air            7%         N/A       11%         4
 Apportation              Tloc           62%        N/A       1%          1
 Corona                   Hex            45%        N/A       1%          1
 Foxfire                  Conj/Fire      100%       2x1d9     1%          1
 Sandblast                Erth           28%        2d8       1%          1
 Shock                    Conj/Air       100%       1d9       1%          1
 Conjure Flame            Conj/Fire      64%        6-21      1%          3
 Dazzling Flash           Conj/Hex       100%       N/A       1%          3
 Inner Flame              Hex/Fire       53%        N/A       1%          3
 Static Discharge         Conj/Air       45%        N/A       1%          3
 Stone Arrow              Conj/Erth      90%        3d12      1%          3
 Sticky Flame             Conj/Fire      64%        2d8       1%          4
 Animate Skeleton         Necr           28%        N/A       3%          1
 Summon Small Mammal      Summ           56%        N/A       3%          1
 Lightning Bolt           Conj/Air       22%        1d38      3%          5
 Summon Guardian Golem    Hex/Summ       28%        N/A       4%          3
 Call Imp                 Summ           14%        N/A       6%          2
 Passwall                 Tmut/Erth      11%        N/A       6%          2
 Swiftness                Air            14%        N/A       6%          2
 Call Canine Familiar     Summ           14%        N/A       12%         3
 Lee's Rapid Deconstruct  Erth           7%         3d7*      26%         5
 Petrify                  Tmut/Erth      14%        N/A       36%         4
 Summon Ice Beast         Ice/Summ       14%        N/A       36%         4
 Summon Lightning Spire   Summ/Air       14%        N/A       36%         4

Inventory:

Hand Weapons
 d - a +0 mace {mace}
   (You took it off a kobold on level 1 of the Dungeon)
 g - a +1 short sword of flaming {short}
   (You took it off a kobold on level 2 of the Dungeon)
 h - a +0 great sword {long}
   (You found it on level 3 of the Dungeon)
 w - the +7 dagger of Execution (weapon) {vorpal, rElec rF+ Str+6, short}
   (You found it on level 5 of the Dungeon)

   It inflicts extra damage upon your enemies.
   It affects your strength (+6).
   It protects you from fire.
   It insulates you from electricity.
 z - the +7 battleaxe of Gravity {venom, Will+ Int+4, axe}
   (You found it on level 5 of the Dungeon)

   It poisons the flesh of those it strikes.
   It affects your intelligence (+4).
   It increases your willpower.
 I - the +11 dire flail of Fosah {drain, Str-2 Int+7, mace}
   (You found it on level 7 of the Dungeon)

   A truly terrible weapon, it drains the life of those it strikes.
   It affects your strength (-2).
   It affects your intelligence (+7).
Missiles
 c - 498 stones {throwing}
 f - 5 boomerangs of dispersal {=f!fthrowing}
 i - 60 poisoned darts {throwing}
 k - 105 sling bullets
 l - 160 arrows
 q - 44 bolts
 x - 7 datura-tipped darts {throwing}
 F - a curare-tipped dart {=fthrowing}
 J - 13 boomerangs {throwing}
Armour
 a - a +0 robe (worn)
 s - a +0 pair of boots (worn)
   (You found it on level 3 of the Dungeon)
 H - a +0 buckler (worn)
   (You found it on level 6 of the Dungeon)
 P - a +1 helmet (worn)
   (You found it on level 8 of the Dungeon)
 R - a +0 cloak (worn)
   (You found it on level 8 of the Dungeon)
Magical Staves
 u - a staff of death {!astaff}
   (You found it on level 5 of the Dungeon)
 A - a staff of poison {!astaff}
   (You found it on level 5 of the Dungeon)
Jewellery
 v - a +4 ring of protection (left hand)
   (You found it on level 5 of the Dungeon)
 E - an amulet of regeneration {@e2}
   (You found it on level 6 of the Dungeon)
 G - an amulet of reflection (around neck)
   (You found it on level 6 of the Dungeon)
 T - a +6 ring of strength
   (You found it on level 10 of the Dungeon)
Wands
 D - a wand of iceblast (7)
   (You found it on level 5 of the Dungeon)
 L - a wand of mindburst (8)
   (You found it on level 7 of the Dungeon)
 N - a wand of acid (10)
   (You found it on level 7 of the Dungeon)
 X - a wand of flame (12)
   (You took it off a kobold brigand on level 9 of the Dungeon)
Scrolls
 b - a scroll of vulnerability {!r!r}
 n - a scroll of identify {@r1}
 o - a scroll of amnesia
 p - 2 scrolls of blinking {!r}
 t - 2 scrolls of teleportation {@r4}
 y - a scroll of enchant armour
 B - 3 scrolls of holy word
 K - a scroll of enchant weapon
 S - 2 scrolls of immolation {!r!r}
 W - a scroll of fear
Potions
 j - 3 potions of attraction {!q}
 m - 5 potions of brilliance
 r - 2 potions of curing {@q1}
 O - a potion of cancellation
 Q - a potion of flight
 U - 2 potions of lignification {!q}
 V - a potion of haste {@q3}

Dungeon Overview and Level Annotations

Branches:
Dungeon (10/15)            Temple (1/1) D:5            Lair (1/6) D:9
    Orc: D:9-12

Altars:
Ashenzari
Cheibriados
Dithmenos
Elyvilon
Fedhas
Gozag
Hepliaklqana
Kikubaaqudgha
Makhleb
Nemelex Xobeh
Okawaru
Qazlal
Ru
Sif Muna
Trog
Uskayaw
Vehumet
Wu Jian
Xom
Yredelemnul

Shops:
D:4 !   D:9 ?(

Annotations:
D:5 exclusion: downstairs
D:6 exclusion: downstairs

..###.#...########...#
.................#
..................#
...................#
..................#
...................# #+
#........[....# ##.###
#...#########.## #.....
#@..+.......#..# ....
#B..........#.## ...
#...#.........##
#.###...........P..#
###.##...#.......#.##
#...○....#.......#.P#
.≈.≈B.*......####.####.##
≈.≈....................#
._.≈...................##


You could see a boulder beetle.


Message History

😎 MP[-4]
You lost 4 mp, and now have 24/28 mp.
Your fulminant prism crackles loudly.
The blast of energy engulfs the boulder beetle!!
Casting: Fulminant Prism (safe; 1% risk of failure)
Confirm with . or Enter, or press ? or * to list all spells.
Aiming: Fulminant Prism (safe; 1% risk of failure)
Press: ? - help, Dir - move target You conjure a prism of explosive energy!
A fulminant prism comes into view. 😎 MP[-4]
You lost 4 mp, and now have 20/28 mp.
The boulder beetle curls into a ball and begins rolling!
Your fulminant prism crackles loudly. 😎 MP[+1]
You hear an explosion!
You hear an angry growl.
Casting: Fulminant Prism (safe; 1% risk of failure)
Confirm with . or Enter, or press ? or * to list all spells.
Okay, then.
Casting: Fulminant Prism (safe; 1% risk of failure)
Confirm with . or Enter, or press ? or * to list all spells.
Okay, then. 😎 MP[+1]
Casting: Fulminant Prism (safe; 1% risk of failure)
Confirm with . or Enter, or press ? or * to list all spells.
You erupt in a blast of force!
The mystic blast hits the boulder beetle.
The boulder beetle is knocked back by the mystic blast. 😎 MP[-4]
You lost 4 mp, and now have 18/28 mp.
Casting: Iskenderun's Mystic Blast (dangerous; 1% risk of failure)
Confirm with . or Enter, or press ? or * to list all spells.
Aiming: Magic Dart (safe; 1% risk of failure)
Press: ? - help, Shift-Dir - straight line, f - boulder beetle
Aim: a boulder beetle (severely wounded, rolling, 0% to evade)
The magic dart hits the boulder beetle but does no damage. 😎 MP[-1]
You lost 1 mp, and now have 17/28 mp.
Casting: Magic Dart (safe; 1% risk of failure)
Confirm with . or Enter, or press ? or * to list all spells.
Okay, then.
Casting: Magic Dart (safe; 1% risk of failure)
Confirm with . or Enter, or press ? or * to list all spells.
You erupt in a blast of force!
The mystic blast hits the boulder beetle.
The boulder beetle is knocked back by the mystic blast. 😎 MP[-4]
You lost 4 mp, and now have 13/28 mp.
Casting: Iskenderun's Mystic Blast (dangerous; 1% risk of failure)
Confirm with . or Enter, or press ? or * to list all spells.
You erupt in a blast of force!
The mystic blast hits the boulder beetle.
The boulder beetle is knocked back by the mystic blast. 😎 MP[-3]
You lost 3 mp, and now have 10/28 mp.
Casting: Iskenderun's Mystic Blast (dangerous; 1% risk of failure)
Confirm with . or Enter, or press ? or * to list all spells.
You erupt in a blast of force!
The mystic blast hits the boulder beetle.
You block the boulder beetle's attack.
The boulder beetle stops rolling and uncurls. 😎 MP[-4]
You lost 4 mp, and now have 6/28 mp.
Casting: Iskenderun's Mystic Blast (dangerous; 1% risk of failure)
Confirm with . or Enter, or press ? or * to list all spells.
Aiming: Fireball (dangerous; 1% risk of failure)
Press: ? - help, Shift-Dir - straight line, p - boulder beetle The fireball explodes!
The fireball engulfs the boulder beetle!
The boulder beetle bites you!! 😮 HP[-25] MP[-5]
You take 25 damage, and now have 29/54 hp.
MASSIVE DAMAGE!! (PAUSE)
You lost 5 mp, and now have 1/28 mp.
Casting: Fireball (dangerous; 1% risk of failure)
Confirm with . or Enter, or press ? or * to list all spells.
Aiming: Magic Dart (safe; 1% risk of failure)
Press: ? - help, Shift-Dir - straight line, f - boulder beetle
Aim: a boulder beetle (almost dead, 0% to evade)
Okay, then.
You hit the boulder beetle but do no damage.
You block the boulder beetle's attack.
You don't have any such object.
Evoke which item? (* to show all) (? for menu, Esc to quit)
Okay, then.
Aiming: Corrosive Bolt
Press: ? - help, Shift-Dir - straight line, f - boulder beetle
Aim: a boulder beetle (almost dead, 0% to evade)
The bolt of acid hits the boulder beetle but does no damage.
The boulder beetle bites you!!
* * * LOW HITPOINT WARNING * * *
😱 HP[-20]
You take 20 damage, and now have 9/54 hp.
MASSIVE DAMAGE!! (PAUSE)
Aiming: Corrosive Bolt
Press: ? - help, Shift-Dir - straight line, f/p - boulder beetle
Aim: a boulder beetle (almost dead, 0% to evade)
The bolt of acid hits the boulder beetle but does no damage.
The boulder beetle bites you!
You die...

Skill      XL: |  1  2  3  4  5  6  7  8  9 10 11 |
---------------+----------------------------------+-----
Spellcasting   | 4 5 7 9 10 11 | 11.0
Conjurations   | 5 6 7 8 10 11 | 11.4
Shields        | 2 4 |  4.0
Hexes          | 2 5 |  5.0
Dodging        | 3 |  3.9
Translocations | 3 |  3.0
Fire Magic     | 9 10 | 10.0
Stealth        | |  2.4

Action                   |  1- 3 |  4- 6 |  7- 9 | 10-12 || total
-------------------------+-------+-------+-------+-------++-------
Melee: Dagger            |       |       |    12 |    10 ||    22
 Cast: Magic Dart        |    32 |    30 |   183 |    35 ||   280
       Searing Ray       |     2 |     9 |    55 |    21 ||    87
       Fulminant Prism   |       |       |    16 |     9 ||    25
       Iskenderun's Myst |       |       |     7 |     9 ||    16
       Fireball          |       |       |       |     8 ||     8
Evoke: Wand              |       |       |       |     2 ||     2
  Use: Scroll            |       |       |     6 |    11 ||    17
       Potion            |       |       |     4 |       ||     4
 Stab: Sleeping          |       |       |     1 |       ||     1
Armor: Robe              |     2 |     1 |    30 |    11 ||    44
Dodge: Dodged            |     7 |     8 |    59 |    16 ||    90
Block: Other             |       |       |    13 |       ||    13
       Reflection        |       |       |     5 |     7 ||    12
       Buckler           |       |       |     6 |    22 ||    28
       Rpst.: Great sword |       |     3 |       |       ||     3

Levels and vault maps discovered:
D:1:      dpeg_arrival_morbid_curiosity, layout_loops_ring,
          basic_ecumenical_altar
D:2:      kennysheep_big_flooded_room, layout_rooms
D:3:      layout_basic
D:4:      wad_pebble_path, layout_loops_cross, serial_shops, shop,
          nicolae_ossuary_entry_monument
D:5:      minmay_opposing_rooms, layout_gridville, temple_doors_cd
D:6:      layout_rooms
D:7:      minmay_skewed_foursquare, layout_rooms, okawaru_altar_gauntlet_db,
          uniq_joseph, uniq_duvessa
D:8:      layout_cave_pods, kennysheep_little_box,
          gammafunk_temple_overflow_forgotten, uniq_psyche, uniq_prince_ribbit1
D:9:      layout_irregular_city, kennysheep_mini, serial_shops, shop,
          nicolae_shop_stone, chequers_serial_rivers_small_b,
          blue_anna_alchemist [blue_anna_fruit_fields, blue_anna_fruit_fields]
D:10:     nzn_winding_woodlands_three_and_one
          [nzn_winding_woodlands_5x15_concentric,
          nzn_winding_woodlands_5x15_default, nzn_winding_woodlands_5x15_garden,
          nzn_winding_woodlands_center_garden], layout_loops_corners, zin_angel,
          tso_oasis_becter
Temple:   nicolae_temple_great_sept
Lair:1:   layout_regular_city, nzn_masters_of_martial_movement,
          serial_bayou_shore_a

Notes
Turn   | Place    | Note
-------+----------+-------------------------------------------
     0 | D:1      | Sobieck the Deep Elf Conjurer began the quest for the Orb.
     0 | D:1      | Reached XP level 1. HP: 10/10 MP: 6/6
     0 | D:1      | magus.rc [v1.9.6]
   389 | D:2      | Reached XP level 2. HP: 15/15 MP: 1/8
   616 | D:3      | Learned a level 2 spell: Searing Ray
   684 | D:5      | Entered Level 5 of the Dungeon
   691 | D:4      | Reached skill level 4 in Spellcasting
   712 | D:4      | You pick up a book of Callings and begin reading...
   712 | D:4      | You add the spells Summon Small Mammal, Call Imp, Call
                  | Canine Familiar, Summon Guardian Golem, Summon Lightning
                  | Spire and Summon Ice Beast to your library.
   726 | D:4      | Noticed a scorpion
   734 | D:4      | Reached skill level 5 in Conjurations
   734 | D:4      | Reached XP level 3. HP: 19/19 MP: 3/10
   735 | D:4      | Killed a scorpion
   736 | D:4      | Reached skill level 6 in Conjurations
   736 | D:4      | Reached XP level 4. HP: 24/24 MP: 1/12
   741 | D:4      | Learned a level 4 spell: Fulminant Prism
   746 | D:4      | Learned a level 4 spell: Iskenderun's Mystic Blast
   952 | D:4      | Reached skill level 5 in Spellcasting
   952 | D:4      | Reached XP level 5. HP: 11/28 MP: 8/14
  1381 | D:4      | Noticed an ogre
  1390 | D:4      | Killed an ogre
  1391 | D:4      | Reached skill level 6 in Spellcasting
  1559 | D:4      | Found Seoluats's Distillery.
  1904 | D:5      | Reached skill level 7 in Spellcasting
  1904 | D:5      | Reached XP level 6. HP: 32/32 MP: 12/18
  1949 | D:5      | Noticed an ice beast
  1955 | D:5      | Killed an ice beast
  2153 | D:5      | Reached skill level 7 in Conjurations
  2224 | D:5      | Identified the +7 dagger of Execution {vorpal, rElec rF+
                  | Str+6}
  2253 | D:5      | Reached XP level 7. HP: 36/36 MP: 12/20
  2288 | D:5      | Reached skill level 8 in Spellcasting
  2417 | D:5      | Found a staircase to the Ecumenical Temple.
  2422 | Temple   | Entered the Ecumenical Temple
  2503 | Temple   | Became a worshipper of Vehumet
  2948 | D:2      | You pick up a book of Cantrips and begin reading...
  2948 | D:2      | You add the spells Corona, Animate Skeleton and Apportation
                  | to your library.
  2971 | D:1      | Found a faded altar of an unknown god.
  3949 | D:3      | Reached skill level 9 in Spellcasting
  4819 | D:5      | Identified the +7 battleaxe of Gravity {venom, Will+ Int+4}
  4872 | D:5      | Reached skill level 8 in Conjurations
  4904 | D:5      | Reached * piety under Vehumet
  4904 | D:5      | Offered knowledge of Foxfire by Vehumet.
  5002 | D:5      | Reached XP level 8. HP: 37/41 MP: 15/23
  5164 | D:5      | Reached skill level 10 in Spellcasting
  5879 | D:6      | Reached skill level 9 in Conjurations
  6428 | D:7      | Reached skill level 1 in Shields
  6528 | D:7      | Identified the +11 dire flail of Fosah {drain, Str-2 Int+7}
  6537 | D:7      | You pick up a book of Cantrips and begin reading...
  6576 | D:7      | Reached skill level 10 in Conjurations
  6589 | D:7      | Reached skill level 2 in Shields
  6696 | D:6      | Reached skill level 1 in Hexes
  6865 | D:7      | Reached skill level 2 in Hexes
  6865 | D:7      | Reached XP level 9. HP: 34/45 MP: 17/25
  6876 | D:7      | Reached skill level 3 in Shields
  7123 | D:6      | Reached skill level 3 in Hexes
  7204 | D:6      | Offered knowledge of Sandblast by Vehumet.
  7205 | D:6      | Reached ** piety under Vehumet
  7262 | D:7      | Reached skill level 4 in Hexes
  7590 | D:7      | Reached skill level 4 in Shields
  7590 | D:7      | Reached skill level 5 in Hexes
  7675 | D:8      | Reached skill level 3 in Dodging
  7675 | D:8      | Reached skill level 1 in Translocations
  7797 | D:7      | Reached skill level 2 in Translocations
  7945 | D:7      | Reached skill level 3 in Translocations
  7960 | D:7      | Offered knowledge of Static Discharge by Vehumet.
  8117 | D:7      | Noticed Duvessa
  8117 | D:7      | Noticed Dowan
  8121 | D:7      | Killed Dowan
  8123 | D:7      | Killed Duvessa
  8124 | D:7      | Noticed Joseph
  8128 | D:7      | Reached skill level 11 in Spellcasting
  8133 | D:7      | Killed Joseph
  8177 | D:7      | Reached *** piety under Vehumet
  8290 | D:7      | Found an iron altar of Okawaru.
  8461 | D:8      | Noticed Prince Ribbit
  8467 | D:8      | Killed Prince Ribbit
  8468 | D:8      | Reached skill level 11 in Conjurations
  8468 | D:8      | Reached XP level 10. HP: 50/50 MP: 16/27
  8489 | D:7      | Identified a scroll of acquirement
  8490 | D:7      | Acquired 596 gold pieces
  8560 | D:8      | Found a blossoming altar of Fedhas.
  9135 | D:8      | You pick up a book of Flames and begin reading...
  9135 | D:8      | You add the spells Foxfire, Conjure Flame, Inner Flame,
                  | Sticky Flame and Fireball to your library.
  9142 | D:8      | Learned a level 5 spell: Fireball
  9204 | D:8      | Noticed Psyche
  9215 | D:8      | Killed Psyche
  9215 | D:8      | Offered knowledge of Airstrike by Vehumet.
  9216 | D:8      | Reached skill level 2 in Fire Magic
  9271 | D:8      | Reached skill level 3 in Fire Magic
  9307 | D:9      | Found a staircase to the Lair.
  9390 | D:8      | Found a bloodstained altar of Trog.
  9391 | D:8      | Found an ancient bone altar of Kikubaaqudgha.
  9391 | D:8      | Found a burning altar of Makhleb.
  9738 | D:9      | Reached skill level 4 in Fire Magic
  9742 | D:10     | Entered Level 10 of the Dungeon
  9847 | D:9      | Found Esuoll Qafi's Antique Weapon Shop.
  9851 | D:9      | Reached skill level 5 in Fire Magic
  9862 | D:9      | Noticed a centaur warrior
 10022 | D:9      | Killed a centaur warrior
 10023 | D:9      | Reached skill level 7 in Fire Magic
 10196 | D:9      | Found a stormy altar of Qazlal.
 10227 | D:9      | Noticed a two-headed ogre
 10230 | D:9      | Noticed a two-headed ogre
 10237 | D:9      | Killed a two-headed ogre
 10238 | D:9      | Reached skill level 8 in Fire Magic
 10238 | D:9      | Killed a two-headed ogre
 10239 | D:9      | Reached skill level 9 in Fire Magic
 10334 | D:9      | Found Sefyu's Magic Scroll Boutique.
 10519 | D:9      | Reached XP level 11. HP: 54/54 MP: 22/28
 10944 | D:9      | You pick up a book of Geomancy and begin reading...
 10944 | D:9      | You add the spells Sandblast, Passwall, Stone Arrow,
                  | Petrify and Lee's Rapid Deconstruction to your library.
 11116 | Lair:1   | Entered Level 1 of the Lair of Beasts
 11120 | Lair:1   | You pick up a book of Air and begin reading...
 11120 | Lair:1   | You add the spells Shock, Swiftness, Static Discharge,
                  | Airstrike and Lightning Bolt to your library.
 11129 | Lair:1   | Reached skill level 10 in Fire Magic
 11263 | Lair:1   | Found a hide-covered altar of Uskayaw.
 11263 | Lair:1   | Found an ornate altar of the Wu Jian Council.
 11263 | Lair:1   | Noticed a boulder beetle
 11282 | Lair:1   | HP: 9/54 [boulder beetle (20)]
 11283 | Lair:1   | Mangled by a boulder beetle

Vanquished Creatures
  A centaur warrior (D:9)
  2 two-headed ogres (D:9)
  A manticore (D:9)
  Joseph (D:7)
  2 cane toads (Lair:1)
  Psyche (D:8)
  Prince Ribbit (D:8)
  A hornet (D:9)
  3 yaks
  A wyvern (D:9)
  A steam dragon (D:8)
  An acid dragon (D:8)
  Duvessa (D:7)
  A water moccasin (D:7)
  A black bear (D:5)
  6 ice beasts
  6 orc warriors
  2 ogres
  4 centaurs
  2 phantoms
  4 kobold brigands
  2 bullfrogs
  A gnoll sergeant (D:7)
  2 scorpions
  A wyvern skeleton (D:7)
  Dowan (D:7)
  5 wights
  3 howler monkeys (D:8)
  2 centaur zombies
  6 orc priests
  2 bullfrog zombies
  2 hounds
  A bullfrog skeleton (D:7)
  2 gnoll shamans
  A jelly (D:5)
  2 centaur skeletons
  4 iguanas
  4 orc wizards
  A hound skeleton (D:5)
  7 adders
  9 gnolls
  2 howler monkey skeletons
  A white imp (D:8)
  2 ufetubi
  2 adder skeletons
  2 worms (D:3)
  2 dart slugs
  27 orcs
  4 ball pythons
  7 endoplasms
  2 giant cockroaches (D:3)
  9 hobgoblins
  5 jackals
  2 quokkas
  3 bats (D:3)
  3 frilled lizards
  8 goblins
  16 kobolds
  3 rats
201 creatures vanquished.

Vanquished Creatures (others)
  25 fulminant prisms
  A fungus (Lair:1)
26 creatures vanquished.

Grand Total: 227 creatures vanquished

Table legend:
 A = Non-vault XP
 B = Vault XP
 C = Vault XP percentage of total XP
 D = Non-vault monster count
 E = Vault monster count
 F = Vault count percentage of total count
                 A         B        C        D         E       F
            +---------+---------+-------+---------+---------+-------
      Total |   10034 |    2490 |  19.9 |     165 |      36 |  17.9
            +---------+---------+-------+---------+---------+-------
        D:1 |      26 |       8 |  23.5 |      14 |       5 |  26.3
        D:2 |       7 |       2 |  22.2 |       4 |       2 |  33.3
        D:3 |     162 |       0 |   0.0 |      19 |       0 |   0.0
        D:4 |     329 |       0 |   0.0 |      17 |       0 |   0.0
        D:5 |     798 |     453 |  36.2 |      14 |      10 |  41.7
        D:6 |     792 |       0 |   0.0 |      27 |       0 |   0.0
        D:7 |    1358 |    1278 |  48.5 |      31 |      16 |  34.0
        D:8 |    1050 |     654 |  38.4 |      22 |       2 |   8.3
        D:9 |    4691 |      95 |   2.0 |      15 |       1 |   6.2
     Lair:1 |     821 |       0 |   0.0 |       2 |       0 |   0.0
            +---------+---------+-------+---------+---------+-------

Illustrated notes

Table legend:
 A = Kills in this place as a percentage of kills in entire the game.
 B = Kills by you in this place as a percentage of kills by you in the entire game.
 C = Kills by friends in this place as a percentage of kills by friends in the entire game.
 D = Other kills in this place as a percentage of other kills in the entire game.
 E = Experience gained in this place as a percentage of experience gained in the entire game.
 F = Experience gained in this place divided by the number of levels of this place that you have seen.
                   A       B       C       D       E      F
               +-------+-------+-------+-------+-------+----------------------
         Total | 100.0 | 100.0 |   N/A |   N/A | 100.0 | 1043.7
       Dungeon |  99.0 |  99.0 |   N/A |   N/A |  93.4 | 1170.3
          Lair |   1.0 |   1.0 |   N/A |   N/A |   6.6 | 821.0
               +-------+-------+-------+-------+-------+----------------------

Table legend: (Time is in decaauts)
 A = Elapsed time spent in this place.
 B = Non-inter-level travel time spent in this place.
 C = Inter-level travel time spent in this place.
 D = Time resting spent in this place.
 E = Time spent auto-exploring this place.
 F = Levels seen in this place.
 G = Mean time per level.
                   A        B        C        D        E       F      G
               +--------+--------+--------+--------+--------+-----+--------+
         Total |  11296 |  10610 |    686 |   2462 |   6282 |  12 |  941.3 |
       Dungeon |  11038 |  10368 |    670 |   2431 |   6139 |  10 | 1103.8 |
        Temple |     91 |     76 |     15 |      0 |     54 |   1 |   91.0 |
          Lair |    166 |    166 |      0 |     31 |     89 |   1 |  166.0 |
               +--------+--------+--------+--------+--------+-----+--------+

Top non-repeatable levels by time:
     D:5: 1741 daAuts
     D:8: 1487 daAuts
     D:6: 1342 daAuts
     D:4: 1333 daAuts
     D:7: 1287 daAuts
     D:9: 1162 daAuts
     D:1: 1127 daAuts
     D:3: 959 daAuts
     D:2: 584 daAuts
  Lair:1: 166 daAuts
  Temple: 91 daAuts
    D:10: 11 daAuts
